AoeStats
← Mordring

Arabia

510478064Analyzed
1v1 RM · 2d ago on Oct 1, 2026· 47m 8s· 2 players
Game mode
Random Map
Map size
Tiny (2 player)
Population
200
Speed
Normal
Resources
Standard
Victory
Conquest
Starting age
Dark Age
Ending age
Imperial Age
RankedLock teamsTeams togetherTeam positionsShared explorationLock speedFull tech treeHidden civsTurbo modeCheats
Victory
Defeat
🇲🇴 Byzantines · Macao SAR China
1199
+16
🇦🇺 Franks · Australia
1207
-16
SamsonEmperor
6:55 Loom
9:45 Feudal Age
10:23 Double-Bit Axe
10:19 Horse Collar
17:23 Gold Mining
20:56 Castle Age
20:17 Scale Barding Armor
20:22 Forging
20:47 Scale Mail Armor
21:51 Bow Saw
21:58 Husbandry
25:19 Wheelbarrow
26:57 Pikeman
27:37 Squires
28:31 Stone Mining
28:35 Crossbowman
29:33 Fervor
29:42 Devotion
30:37 Squires
30:59 Chain Barding Armor
32:44 Heavy Plow
32:54 Fletching
35:27 Bodkin Arrow
36:01 Hand Cart
38:43 Imperial Age
36:58 Thumb Ring
38:01 Chain Mail Armor
38:21 Iron Casting
38:45 Elite Varangian Guard
39:53 Conscription
40:49 Two-Man Saw
39:12 Heavy Camel Rider
39:12 Cavalier
39:28 Arbalester
40:32 Bracer
41:19 Padded Archer Armor
41:55 Plate Barding Armor
42:59 Leather Archer Armor
42:47 Paladin
43:58 Plate Mail Armor
45:24 Ring Archer Armor
46:58 Chemistry
46:30 Crop Rotation
Mordring
10:10 Feudal Age
10:50 Double-Bit Axe
16:22 Loom
19:27 Castle Age
17:45 Gold Mining
19:08 Forging
19:35 Scale Barding Armor
20:26 Husbandry
23:30 Iron Casting
26:10 Bow Saw
26:37 Pikeman
28:58 Wheelbarrow
30:24 Fletching
31:24 Squires
32:06 Scale Mail Armor
32:27 Chain Barding Armor
38:12 Imperial Age
35:59 Hand Cart
36:03 Bodkin Arrow
37:41 Chain Mail Armor
37:45 Murder Holes
38:14 Cavalier
40:49 Elite Throwing Axeman
41:51 Conscription
43:05 Blast Furnace
43:01 Town Watch
44:47 Plate Barding Armor
Connection lost

Rejoining the realm…

Still unreachable

The connection could not be restored.

Session expired

The server has moved on; the page needs a fresh start.